 Dungeon Crawl Stone Soup version 0.27-a0-1525-g1038ab4fd7 (webtiles) character file.

Game seed: 4327111499865094184

9854 mandarbmax the Fighter (level 11, -1/123 HPs)
             Began as an Ogre Transmuter on July 11, 2021.
             Was a High Priest of Elyvilon.
             Killed from afar by a fire dragon (40 damage)
             ... with a blast of flame
             ... on level 10 of the Dungeon.
             The game lasted 00:28:44 (15579 turns).

mandarbmax the Fighter (Ogre Transmuter)           Turns: 15579, Time: 00:28:45

Health: -1/123     AC:  2    Str: 16    XL:     11   Next: 53%
Magic:  7/17       EV: 19    Int: 17    God:    Elyvilon [*****.]
Gold:   539        SH:  0    Dex: 14    Spells: 7/16 levels left

rFire    . . .     SeeInvis .     - Unarmed
rCold    . . .     Faith    .   (shield currently unavailable)
rNeg     . . .     Spirit   .   (armour currently unavailable)
rPois    x         Reflect  .   (helmet currently unavailable)
rElec    .         Harm     .   (cloak currently unavailable)
rCorr    .         Rampage  .   (gloves unavailable)
Will     +....                  (boots unavailable)
Stlth    +.........             (no amulet)
HPRegen  0.30/turn              t - ring of wizardry
MPRegen  0.15/turn              (no ring)

@: about to teleport, spider-form, wereblooded, very slightly contaminated,
studying 2 skills
A: venomous fangs, tiny, unfitting armour, (tough skin 1), sense surroundings 1
a: End Transformation, Renounce Religion, Lesser Healing, Heal Other,
Purification, Greater Healing, Divine Vigour, Divine Protection


You were on level 10 of the Dungeon.
You worshipped Elyvilon.
Elyvilon was extremely pleased with you.
You were a venomous arachnid creature.
You visited 1 branch of the dungeon, and saw 10 of its levels.

You collected 539 gold pieces.

Inventory:

Missiles
 w - 2 curare-tipped darts
 y - a throwing net
Armour
 a - a +0 robe (melded)
 i - a +0 cloak (melded)
Jewellery
 t - a ring of wizardry (left front leg)
Wands
 n - a wand of flame (39)
 u - a wand of iceblast (7)
Scrolls
 b - 2 scrolls of summoning
 f - a scroll of enchant weapon
 g - a scroll of magic mapping {unknown}
 h - 2 scrolls of fog
 m - 2 scrolls of amnesia
 o - a scroll of blinking
 q - a scroll of torment {unknown}
 r - a scroll of immolation
 C - a scroll of fear {unknown}
 E - a scroll of noise {unknown}
 F - a scroll of holy word {unknown}
Potions
 c - 2 potions of ambrosia
 d - 4 potions of degeneration {unknown}
 j - a potion of brilliance
 k - a potion of haste
 l - 5 potions of flight {unknown}
 p - 3 potions of cancellation {unknown}
 s - 2 potions of attraction
 v - 2 potions of curing
 z - a potion of magic
 A - a potion of invisibility
 B - a potion of lignification
 D - a potion of heal wounds


   Skills:
 + Level 12.1 Fighting
 + Level 2.7 Dodging
 * Level 11.4 Unarmed Combat
 - Level 3.0 Spellcasting
 - Level 4.0 Transmutations
 - Level 8.0 Invocations


You had 7 spell levels left.
You knew the following spells:

 Your Spells              Type           Power      Damage    Failure   Level
a - Ice Form              Ice/Tmut       9%         N/A       45%         4
b - Wereblood             Tmut           16%        N/A       6%          2
c - Spider Form           Tmut/Pois      4%         N/A       19%         3

Your spell library contained the following spells:

 Spells                   Type           Power      Damage    Failure   Level
 Beastly Appendage        Tmut           32%        N/A       4%          1
 Summon Small Mammal      Summ           8%         N/A       16%         1
 Call Canine Familiar     Summ           2%         N/A       34%         3
 Summon Guardian Golem    Hex/Summ       2%         N/A       34%         3
 Olgreb's Toxic Radiance  Pois           2%         N/A       69%         4
 Ozocubu's Refrigeration  Ice            1%         4d5       100%        7
 Ignition                 Fire           1%         3d3       100%        8


Dungeon Overview and Level Annotations

Branches:
Dungeon (10/15)            Temple (0/1) D:5            Lair (0/6) D:9
    Orc: D:9-12

Altars:
Ashenzari
Dithmenos
Elyvilon
Gozag
Qazlal
Vehumet
Yredelemnul

Shops:
D:9 *


Innate Abilities, Weirdness & Mutations

You are a venomous arachnid creature.
You have poisonous fangs.
You are tiny and dextrous.
Your spellcasting is less reliable in this form.
Your armour is entirely melded.
You are incapable of wielding weapons or throwing items.
You are too large for most types of armour.
((You have tough skin. (AC +1)))
You passively map a small area around you.


Message History

Okay, then.
Casting: Spider Form (mildly dangerous; 9% risk of failure)
Confirm with . or Enter, or press ? or * to list all spells.
You miscast Spider Form.
You are very lightly contaminated with residual magic.
Nothing appears to happen.
Casting: Spider Form (mildly dangerous; 9% risk of failure)
Confirm with . or Enter, or press ? or * to list all spells.
You miscast Spider Form.
Nothing appears to happen.
A cyan ugly thing comes into view.
Casting: Spider Form (mildly dangerous; 9% risk of failure)
Confirm with . or Enter, or press ? or * to list all spells.
You turn into a venomous arachnid creature.
Your +0 cloak melds into your body.
Your +0 robe melds into your body.
Casting: Spider Form (dangerous; 19% risk of failure)
Confirm with . or Enter, or press ? or * to list all spells.
Your blood is infused with primal strength.
You hit the fire dragon.
The fire dragon is lightly wounded.
You bite the fire dragon!
The fire dragon is moderately wounded.
The fire dragon breathes flames at you. The blast of flame hits you!!
You hear an angry buzzing noise.
You maul the fire dragon!!
The fire dragon is heavily wounded.
The fire dragon misses you. The fire dragon closely misses you. x2
You hit the fire dragon.
The fire dragon is heavily wounded.
The fire dragon bites you! The fire dragon barely misses you.
The fire dragon closely misses you.
You hit the fire dragon.
The fire dragon is heavily wounded.
The fire dragon bites you! The fire dragon claws you.
The fire dragon tramples you!
You hold your ground!
As you read the scroll of teleportation, it crumbles to dust.
You feel strangely unstable. The fire dragon breathes flames at you.
The blast of flame hits you!!!
You die...

#############
#...........###
#...........##.
#####...........'..
#.s.............###
#D#########'#####
######'##* ##.#
#..e#...#...###..#
#...'.y.'...#...##
##
#...#...#...#'#####
###.
##'#######'##.....#
#.'. *.. )./#
..#.....###.#.
...S. .#.....#...#.


You could see a fire dragon (catching breath) and a vampire mosquito
(wandering).

Vanquished Creatures
  A boulder beetle (D:10)
  A deep troll (D:10)
  A glowing orange brain (shapeshifter) (D:10)
  A deep elf pyromancer (D:10)
  A manticore (D:7)
  A gargoyle (D:6)
  2 kobold demonologists (D:10)
  A komodo dragon (D:9)
  A troll (D:9)
  3 slime creatures (D:8)
  A yak (D:9)
  A vampire (D:7)
  A wyvern (D:6)
  Eustachio (D:6)
  A wraith (D:7)
  A steam dragon (D:7)
  Grum (D:8)
  3 water moccasins
  2 orc warriors
  4 ogres
  4 wolves (D:8)
  5 centaurs
  3 kobold brigands
  5 bullfrogs
  3 scorpions
  3 killer bees
  8 howler monkeys
  9 wights
  2 electric eels (D:6)
  2 centaur zombies
  2 bullfrog zombies
  A hound (D:6)
  5 jellies
  4 orc priests
  2 gnoll shamans
  5 iguanas
  Jessica (D:3)
  A bullfrog skeleton (D:7)
  3 orc wizards
  2 killer bee zombies
  2 howler monkey zombies
  11 adders
  9 gnolls
  A shadow imp (D:6)
  A white imp (D:8)
  4 dart slugs
  A worm (D:4)
  19 orcs
  12 ball pythons
  6 endoplasms
  5 giant cockroaches
  8 goblins
  4 hobgoblins
  17 kobolds
  5 quokkas
  7 bats
  5 frilled lizards
  A quokka skeleton (D:4)
  7 rats
224 creatures vanquished.

Vanquished Creatures (others)
  3 plants (D:9)
3 creatures vanquished.

Grand Total: 227 creatures vanquished

Notes
Turn   | Place    | Note
-------+----------+-------------------------------------------
     0 | D:1      | mandarbmax the Ogre Transmuter began the quest for the Orb.
     0 | D:1      | Reached XP level 1. HP: 19/19 MP: 3/3
   382 | D:1      | Reached XP level 2. HP: 26/27 MP: 3/5
   417 | D:1      | Learned a level 2 spell: Wereblood
   847 | D:1      | Reached skill level 2 in Fighting
   847 | D:1      | Reached XP level 3. HP: 33/35 MP: 5/7
   913 | D:1      | Learned a level 3 spell: Spider Form
  1219 | D:2      | Found a faded altar of an unknown god.
  1481 | D:2      | Became a worshipper of Elyvilon the Healer
  1481 | D:2      | Reached * piety under Elyvilon
  1919 | D:2      | Reached XP level 4. HP: 44/44 MP: 6/8
  2382 | D:3      | Reached skill level 3 in Fighting
  2909 | D:3      | You fall into a shaft and drop 3 floors!
  2933 | D:6      | Reached XP level 5. HP: 39/54 MP: 6/9
  3278 | D:5      | Entered Level 5 of the Dungeon
  3351 | D:5      | Reached skill level 4 in Fighting
  3458 | D:5      | Found a staircase to the Ecumenical Temple.
  3547 | D:4      | Reached ** piety under Elyvilon
  4215 | D:3      | Reached XP level 6. HP: 47/63 MP: 3/10
  4622 | D:3      | Reached skill level 5 in Fighting
  5231 | D:3      | Reached *** piety under Elyvilon
  5444 | D:3      | Noticed Jessica
  5451 | D:3      | Killed Jessica
  6758 | D:5      | Reached **** piety under Elyvilon
  6771 | D:5      | Reached XP level 7. HP: 74/74 MP: 1/11
  6874 | D:5      | Reached skill level 6 in Fighting
  7276 | D:5      | Reached skill level 1 in Invocations
  7442 | D:5      | Reached skill level 5 in Unarmed Combat
  7944 | D:5      | Reached XP level 8. HP: 84/84 MP: 6/12
  8214 | D:6      | Noticed Eustachio
  8217 | D:6      | Reached skill level 7 in Fighting
  8227 | D:6      | Killed Eustachio
  8958 | D:6      | Reached skill level 8 in Fighting
  8972 | D:6      | Reached XP level 9. HP: 22/96 MP: 9/13
  9497 | D:6      | Noticed a gargoyle
  9514 | D:6      | Killed a gargoyle
  9515 | D:6      | Reached skill level 5 in Invocations
  9520 | D:6      | Reached skill level 9 in Fighting
  9638 | D:6      | Learned a level 4 spell: Ice Form
  9799 | D:6      | Found a stormy altar of Qazlal.
  9804 | D:6      | Found a shadowy altar of Dithmenos.
  9804 | D:6      | Found an opulent altar of Gozag.
  9818 | D:6      | Found a radiant altar of Vehumet.
  9821 | D:6      | Found a broken altar of Ashenzari.
 10168 | D:7      | Reached ***** piety under Elyvilon
 10900 | D:7      | Noticed a manticore
 10912 | D:7      | Killed a manticore
 10913 | D:7      | Reached skill level 10 in Fighting
 10913 | D:7      | Reached XP level 10. HP: 86/110 MP: 8/14
 11788 | D:8      | Noticed Grum
 11803 | D:8      | Killed Grum
 12448 | D:9      | Found a basalt altar of Yredelemnul.
 12920 | D:9      | Reached skill level 10 in Unarmed Combat
 13294 | D:9      | Found Gacur's Demolitions Depot.
 13621 | D:9      | Reached skill level 11 in Fighting
 13845 | D:9      | Found a staircase to the Lair.
 13875 | D:9      | Reached XP level 11. HP: 107/120 MP: 8/16
 14134 | D:10     | Entered Level 10 of the Dungeon
 14357 | D:10     | Gained mutation: You sometimes lose the ability to read
                  | scrolls when taking damage. [a neqoxec]
 14877 | D:10     | Noticed a boulder beetle
 14877 | D:10     | Noticed a deep troll
 14885 | D:10     | Killed a boulder beetle
 15158 | D:10     | Killed a deep troll
 15158 | D:10     | Noticed a tengu warrior
 15159 | D:10     | Noticed a deep elf pyromancer
 15159 | D:10     | Noticed a fire dragon
 15163 | D:10     | Noticed a mana viper
 15203 | D:10     | Killed a deep elf pyromancer
 15204 | D:10     | Reached skill level 12 in Fighting
 15247 | D:10     | Noticed a swamp dragon
 15255 | D:10     | Noticed a two-headed ogre
 15338 | D:10     | Noticed a glowing orange brain
 15351 | D:10     | Killed a glowing orange brain
 15516 | D:10     | Lost mutation: You sometimes lose the ability to read
                  | scrolls when taking damage. [potion of mutation]
 15516 | D:10     | Gained mutation: You passively map a small area around you.
                  | [potion of mutation]
 15516 | D:10     | Gained mutation: You are dopey. (Int -2) [potion of
                  | mutation]
 15516 | D:10     | Lost mutation: You are dopey. (Int -2) [potion of mutation]
 15571 | D:10     | Noticed a cyan ugly thing
 15579 | D:10     | Killed from afar by a fire dragon

Illustrated notes

Levels and vault maps discovered:
D:1:      minmay_arrival_shattered_statue, layout_loops_cross,
          minmay_hexomino_c4
D:2:      layout_loops_ring, shapermc_ecumenical_altar_notcrosses
D:3:      layout_loops_corners, minmay_unequal, uniq_jessica
D:4:      layout_gridville
D:5:      layout_basic, minmay_temple_entry_sparse_star,
          chequers_serial_rivers_micro_c
D:6:      layout_loops_ring, minmay_overflow_temple_star_hex, minivault_14,
          minmay_manual_mess, uniq_eustachio
D:7:      layout_cave_pods, hangedman_minor_gate_pass
D:8:      layout_basic, uniq_grum
D:9:      layout_small_grid, lemuel_tele_altar, david_lair_shrubbed,
          hangedman_abyss_or_decor_slice, nicolae_blasting_shop,
          kennysheep_generic_room_6
D:10:     layout_roguey, minmay_evil_grid

Skill      XL: |  1  2  3  4  5  6  7  8  9 10 11 |
---------------+----------------------------------+-----
Unarmed Combat | 3 4 5 7 9 10 11 | 11.4
Transmutations | 2 4 |  4.0
Dodging        | 2 |  2.7
Fighting       | 2 3 4 5 6 8 10 11 12 | 12.1
Spellcasting   | 3 |  3.0
Invocations    | 2 4 6 7 8 |  8.0

Action                   |  1- 3 |  4- 6 |  7- 9 | 10-12 || total
-------------------------+-------+-------+-------+-------++-------
Melee: Unarmed           |   105 |   145 |   195 |   199 ||   644
       Kick              |    17 |     5 |       |       ||    22
       Headbutt          |    10 |     1 |       |       ||    11
 Cast: Beastly Appendage |    27 |     7 |       |       ||    34
       Wereblood         |    12 |    22 |    17 |    25 ||    76
       Spider Form       |       |    31 |    23 |    14 ||    68
       Ice Form          |       |       |     5 |    16 ||    21
Invok: Purification      |       |       |     1 |       ||     1
       Greater Healing   |       |       |       |     2 ||     2
Evoke: Wand              |       |       |     2 |     1 ||     3
  Use: Scroll            |       |     2 |     7 |    10 ||    19
       Potion            |       |       |       |     1 ||     1
Armor: Robe              |    26 |     6 |     3 |     4 ||    39
       Skin              |       |     5 |    13 |    35 ||    53
Dodge: Dodged            |    38 |   106 |   123 |   134 ||   401

Table legend: (Time is in decaauts)
 A = Elapsed time spent in this place.
 B = Non-inter-level travel time spent in this place.
 C = Inter-level travel time spent in this place.
 D = Time resting spent in this place.
 E = Time spent auto-exploring this place.
 F = Levels seen in this place.
 G = Mean time per level.
                   A        B        C        D        E       F      G
               +--------+--------+--------+--------+--------+-----+--------+
         Total |  15513 |  15199 |    314 |   5076 |   8436 |  10 | 1551.3 |
       Dungeon |  15513 |  15199 |    314 |   5076 |   8436 |  10 | 1551.3 |
               +--------+--------+--------+--------+--------+-----+--------+

Top non-repeatable levels by time:
     D:3: 2155 daAuts
     D:6: 1913 daAuts
     D:5: 1848 daAuts
     D:2: 1757 daAuts
     D:7: 1434 daAuts
    D:10: 1433 daAuts
     D:4: 1365 daAuts
     D:8: 1343 daAuts
     D:9: 1218 daAuts
     D:1: 1042 daAuts
